Map: Blueshift LE

Players

Rob

  • Race: Protoss Protoss
  • League: Grandmaster
  • Spawn Location: 7:00

Jason - Winner!

  • Race: Terran Terran
  • League: Grandmaster
  • Spawn Location: 1:00

VOD

Have the link to the VOD?

Description

Time

  • Played on: May 14, 2019, 11:42 a.m.
  • Length: 11:51
Show
View Real Time Build Order
Export as new Build Order

Rob Protoss 

Build Orders: 1 Gate Expand, Oracle Opening, Zealot Archon 

Get SALT Encoding   

  12  0:01  Probe  
  13  0:13  Probe  
  14  0:19  Pylon  
  14  0:25  Probe  
  15  0:33  Probe  
  15  0:38  Gateway  
  15  0:41  Probe  
  16  0:48  Assimilator  
  17  0:51  Probe  
  18  1:03  Probe  
  19  1:15  Probe  
  20  1:26  Cybernetics Core  
  20  1:33  Nexus  
  20  1:41  Pylon  
  20  1:43  Probe  
  21  1:53  Assimilator, Adept  
  21  1:55  Probe  
  22  2:04  Warp Gate  
  22  2:08  Probe  
  25  2:20  Probe  
  26  2:23  Stalker  
  28  2:32  Probe  
  29  2:44  Probe  
  29  2:51  Probe  
  29  2:56  Probe, Pylon  
  31  2:59  Probe  
  31  3:01  Stalker  
  32  3:08  Probe  
  32  3:09  Probe  
  35  3:13  Stargate  
  35  3:18  Shield Battery  
  36  3:20  Probe  
  36  3:21  Probe  
  38  3:33  Probe x2  
  38  3:41  Gateway  
  38  3:42  Gateway  
  38  3:45  Probe  
  38  3:46  Probe  
  38  3:48  Twilight Council  
  40  3:50  Pylon  
  40  3:51  Oracle  
  40  3:53  Stalker  
  42  3:57  Probe  
  42  3:58  Probe  
  42  4:02  Blink  
  47  4:06  Pylon  
  47  4:09  Probe  
  48  4:10  Probe  
  48  4:15  Assimilator  
  49  4:20  Assimilator  
  49  4:21  Probe  
  49  4:22  Stalker, Probe  
  53  4:33  Probe  
  53  4:34  Probe  
  55  4:43  Stalker  
  55  4:45  Probe  
  53  4:55  Probe  
  53  4:57  Probe  
  50  5:05  Stalker x2  
  50  5:06  Stalker  
  56  5:07  Probe  
  57  5:14  Probe  
  57  5:19  Probe  
  57  5:20  Pylon  
  59  5:27  Probe  
  60  5:29  Stalker x2  
  60  5:30  Stalker  
  60  5:31  Probe  
  67  5:36  Pylon  
  67  5:43  Probe  
  68  5:52  Stalker x2  
  68  5:53  Stalker  
  68  5:55  Pylon  
  74  6:01  Charge  
  74  6:14  Forge  
  74  6:21  Nexus  
  74  6:24  Probe x2  
  70  6:32  Zealot x3  
  76  6:36  Probe x2, Pylon  
  78  6:42  Protoss Ground Weapons Level 1  
  76  6:50  Gateway x2  
  76  6:52  Gateway  
  76  6:57  Gateway  
  76  7:05  Templar Archives  
  73  7:26  Zealot x3  
  79  7:30  Pylon  
  79  7:31  Pylon  
  79  7:32  Shield Battery  
  79  7:34  Shield Battery  
  75  7:46  High Templar x4  
  75  7:47  Zealot x2  
  75  7:50  Archon x2  
  87  7:55  Zealot  
  89  8:01  Probe x3, Gateway  
  89  8:02  Gateway  
  92  8:11  Zealot x3  
  98  8:16  Zealot  
  98  8:18  Zealot x3  
  103  8:20  Psionic Storm  
  77  8:36  Zealot x2  
  77  8:37  Zealot x2  
  77  8:39  High Templar  
  77  8:40  High Templar  
  77  8:41  Zealot  
  81  8:56  High Templar x2  
  81  8:57  Assimilator, Protoss Ground Armor Level 1  
  81  8:59  Assimilator, High Templar  
  81  9:00  Probe x3  
  90  9:07  Forge  
  90  9:12  Probe  
  91  9:17  Robotics Facility  
  91  9:18  Probe  
  91  9:20  Robotics Facility  
  91  9:24  Probe  
  93  9:27  Stalker x2  
  93  9:30  Probe  
  98  9:36  Stalker x2  
  102  9:43  High Templar x2  
  106  9:46  Photon Cannon  
  106  9:48  Pylon  
  106  9:59  Zealot x2  
  108  10:06  Robotics Bay  
  106  10:26  Stalker x4  
  106  10:27  Stalker x5  
  120  10:36  Immortal x2  
  126  10:54  Zealot x2  
  128  11:18  Zealot x5  
  126  11:20  Archon  
  126  11:27  Zealot x3  
  126  11:28  Zealot  
  84  11:42  Zealot x5  
  77  11:48  Zealot x3  
  77  11:49  Zealot  
Show
View Real Time Build Order
Export as new Build Order

Jason Terran - Winner!

Build Orders: Gas First Reaper Expand 

Get SALT Encoding   

  12  0:00  SCV  
  13  0:13  SCV  
  14  0:17  Supply Depot  
  14  0:25  SCV  
  15  0:29  Refinery  
  15  0:39  SCV  
  16  0:45  Barracks  
  16  0:51  SCV  
  17  1:03  SCV  
  18  1:15  SCV  
  19  1:33  Reaper, Orbital Command  
  20  1:48  Command Center  
  20  1:57  Factory  
  21  2:01  SCV  
  21  2:06  Barracks Reactor  
  21  2:13  SCV  
  22  2:15  Supply Depot  
  22  2:20  Refinery  
  22  2:26  SCV  
  23  2:38  SCV  
  24  2:48  Marine x2  
  24  2:49  Hellion, Starport  
  24  2:50  SCV  
  29  3:01  Orbital Command  
  29  3:02  SCV  
  30  3:10  Marine x2  
  32  3:14  SCV, Widow Mine  
  35  3:33  SCV  
  35  3:34  SCV  
  37  3:35  Medivac, Marine x2  
  37  3:38  Supply Depot, Factory Tech Lab  
  41  3:46  SCV x2  
  43  3:53  Supply Depot, Marine  
  44  3:58  SCV  
  44  3:59  SCV  
  46  4:07  Barracks  
  46  4:10  SCV, Factory Tech Lab  
  46  4:11  SCV  
  46  4:13  Marine x2  
  46  4:17  Bunker, Supply Depot  
  50  4:19  Raven  
  50  4:23  SCV x2  
  54  4:29  Engineering Bay, Refinery  
  54  4:34  Siege Tank  
  57  4:45  SCV  
  58  4:50  Marine x2  
  57  4:53  Marine  
  57  4:55  SCV  
  50  5:05  SCV  
  50  5:06  Siege Tank  
  48  5:08  Marine x2  
  48  5:10  SCV  
  50  5:17  Barracks  
  50  5:18  SCV  
  50  5:22  SCV  
  50  5:23  Missile Turret  
  50  5:25  Marine  
  52  5:29  Stimpack  
  52  5:30  SCV  
  52  5:32  Starport Reactor  
  52  5:34  SCV  
  54  5:36  Marauder  
  54  5:42  SCV  
  57  5:46  SCV, Marine x2  
  57  5:49  Supply Depot  
  60  5:51  Terran Infantry Weapons Level 1  
  60  5:53  Factory Reactor  
  60  5:54  SCV  
  61  5:57  Missile Turret  
  61  5:58  SCV  
  61  6:00  Marauder  
  64  6:06  SCV  
  64  6:08  Marine x2  
  64  6:10  SCV  
  68  6:13  Combat Shield  
  68  6:14  Marauder  
  70  6:25  Marauder, Medivac x2  
  73  6:29  Marine x2  
  73  6:31  SCV x2  
  75  6:37  Supply Depot x2  
  75  6:38  Supply Depot  
  75  6:39  Widow Mine  
  77  6:45  Marauder  
  77  6:46  Marine  
  78  6:50  Command Center  
  78  6:55  Supply Depot  
  78  6:58  Medivac, Marine x2  
  78  6:59  SCV x2  
  84  7:03  Medivac  
  84  7:05  Marine  
  84  7:07  Widow Mine x2  
  91  7:25  Marine  
  91  7:28  SCV, Widow Mine x2, Marine x2  
  99  7:33  Barracks  
  99  7:34  Barracks  
  98  7:43  Marine  
  98  7:45  SCV  
  98  7:46  Marauder  
  98  7:50  Widow Mine x2  
  105  7:51  Marine  
  105  7:52  Marine  
  105  7:54  SCV  
  105  7:57  SCV, Terran Infantry Armor Level 1  
  109  7:58  Refinery  
  109  8:02  Marauder  
  109  8:03  Orbital Command  
  110  8:07  Marine  
  110  8:09  Marine  
  110  8:11  Widow Mine x2  
  111  8:27  Marine  
  97  8:31  Marine x2  
  97  8:32  Marauder, Barracks Tech Lab  
  99  8:37  Medivac  
  99  8:38  Medivac, Orbital Command  
  99  8:39  SCV x2, Widow Mine x2  
  109  8:47  Barracks x2  
  109  8:48  Barracks  
  109  8:50  Ghost Academy  
  109  8:51  SCV  
  109  8:55  Barracks Tech Lab, Marine x2  
  108  8:58  Marauder  
  108  8:59  SCV  
  111  9:03  SCV  
  111  9:05  SCV  
  111  9:08  Widow Mine x2  
  111  9:09  Marine  
  118  9:11  SCV, Orbital Command  
  118  9:13  Marauder  
  121  9:20  Marauder  
  121  9:23  Engineering Bay  
  123  9:24  Armory  
  123  9:27  Concussive Shells, Marine  
  123  9:28  Marine  
  125  9:32  Supply Depot  
  125  9:34  Marine, Supply Depot  
  125  9:36  Marine  
  125  9:37  SCV x3, Marauder  
  131  9:45  Marine x3  
  132  9:51  SCV x2, Marauder, Supply Depot  
  137  9:53  Marauder  
  137  10:02  Marine x3  
  137  10:03  Marauder  
  137  10:05  Marine  
  143  10:11  Ghost  
  143  10:13  Ghost  
  147  10:20  Ghost  
  147  10:23  Ghost  
  147  10:26  Marine x2  
  143  10:32  Refinery  
  143  10:33  Command Center  
  143  10:35  SCV  
  143  10:38  SCV  
  143  10:40  Ghost  
  143  10:42  Medivac, Ghost  
  150  10:43  Marine x3  
  150  10:48  Ghost  
  155  10:52  SCV  
  155  10:53  Marauder, Marine x2  
  160  10:57  SCV  
  160  10:59  Refinery  
  160  11:01  Marine x2  
  162  11:09  Marauder  
  164  11:18  Widow Mine  
  164  11:21  Marine  
  164  11:24  Marine x2  
  165  11:28  Marine x2  
  165  11:30  Marine  
Tags
 
Add a new tag
Caveats
  • Supply blocks, unpowered buildings, or Contaminate may cause inaccurate times.
  • Supply counts are checked every 10 seconds.